Map: Automaton LE

Players

Edge - Winner!

  • Race: Zerg Zerg
  • League: Gold
  • Spawn Location: 9:00

Yocto

  • Race: Zerg Zerg
  • Spawn Location: 3:00

VOD

Have the link to the VOD?

Description

Time

  • Played on: Dec. 13, 2018, 10:11 a.m.
  • Length: 12:01
Show
View Real Time Build Order
Export as new Build Order

Edge Zerg - Winner!

Build Orders: Hatch First, Roach Hydra, Zergling Baneling 

Get SALT Encoding   

  12  0:01  Drone  
  13  0:08  Drone  
  14  0:17  Overlord  
  14  0:27  Extractor, Drone  
  15  0:36  Drone x2  
  17  0:44  Drone  
  18  1:00  Hatchery  
  18  1:02  Drone  
  18  1:06  Extractor, Drone  
  18  1:16  Drone  
  19  1:24  Spawning Pool  
  18  1:29  Drone  
  19  1:38  Drone  
  20  1:48  Overlord  
  20  1:59  Drone  
  21  2:11  Queen  
  21  2:12  Queen, Zergling x4  
  27  2:20  Drone  
  28  2:24  Extractor, Drone  
  28  2:41  Drone x2  
  30  2:46  Drone  
  30  2:47  Drone  
  32  2:51  Roach Warren  
  32  2:53  Overlord  
  32  2:56  Drone  
  32  3:04  Lair  
  33  3:05  Drone x2  
  34  3:19  Drone x2  
  36  3:22  Overlord  
  36  3:27  Overlord  
  36  3:35  Baneling Nest  
  36  3:37  Zergling x2  
  36  3:46  Zergling x10  
  41  3:50  Spine Crawler  
  41  3:55  Zergling x6  
  42  3:56  Zergling x2  
  44  4:03  Overlord  
  44  4:17  Overlord  
  44  4:19  Baneling x6  
  44  4:20  Baneling x3  
  44  4:21  Roach  
  46  4:28  Drone  
  46  4:29  Drone x2  
  46  4:31  Extractor  
  48  4:39  Drone x4  
  48  4:44  Glial Reconstitution  
  52  4:48  Drone  
  52  4:49  Drone  
  52  4:51  Drone  
  55  4:57  Roach  
  55  4:59  Roach  
  59  5:08  Drone  
  59  5:11  Overlord  
  59  5:13  Overlord  
  60  5:14  Overlord  
  60  5:17  Overlord  
  60  5:21  Extractor, Drone  
  60  5:29  Drone  
  60  5:30  Drone x3  
  60  5:34  Roach  
  60  5:35  Roach, Drone  
  69  5:37  Roach  
  69  5:40  Roach  
  72  5:55  Evolution Chamber  
  72  5:56  Evolution Chamber  
  70  6:09  Hatchery, Drone x3  
  70  6:10  Drone  
  73  6:17  Roach x2  
  79  6:18  Roach x2  
  79  6:21  Zerg Missile Weapons Level 1  
  79  6:23  Zerg Ground Armor Level 1  
  81  6:31  Roach x3  
  87  6:37  Roach x2  
  91  6:44  Drone  
  91  6:45  Overlord  
  92  6:47  Overlord  
  92  6:49  Overlord  
  92  6:55  Pneumatized Carapace  
  92  6:59  Overlord  
  92  7:04  Overlord  
  92  7:06  Overlord  
  92  7:07  Overlord  
  92  7:11  Drone x3  
  95  7:21  Overseer  
  95  7:25  Roach x4  
  95  7:26  Drone  
  95  7:27  Drone  
  105  7:31  Drone x2  
  105  7:33  Drone  
  105  7:34  Drone  
  109  7:38  Queen  
  111  7:46  Spore Crawler  
  111  7:47  Hydralisk Den  
  111  7:48  Drone x2  
  111  7:49  Drone  
  112  7:52  Spore Crawler  
  112  7:54  Spore Crawler, Drone  
  111  8:02  Drone x3  
  111  8:03  Drone x3  
  117  8:12  Extractor, Drone x3  
  119  8:14  Extractor  
  118  8:20  Hydralisk x3  
  124  8:31  Muscular Augments  
  124  8:33  Hydralisk x4  
  130  8:37  Overlord  
  132  8:50  Hydralisk x3  
  132  8:51  Hydralisk x2  
  142  9:01  Hydralisk x4  
  150  9:05  Zerg Missile Weapons Level 2  
  150  9:09  Zerg Ground Armor Level 2  
  150  9:18  Hydralisk x2  
  150  9:20  Overlord x2  
  153  9:31  Overlord  
  153  9:32  Overlord x2  
  150  9:41  Hydralisk x2  
  150  9:42  Hydralisk x4  
  150  9:43  Grooved Spines  
  153  9:50  Hydralisk  
  153  9:51  Hydralisk x2  
  145  9:57  Hydralisk  
  145  9:58  Hydralisk x2  
  113  10:07  Hydralisk x3  
  113  10:08  Hydralisk  
  121  10:17  Hydralisk x3  
  127  10:30  Hydralisk  
  127  10:34  Roach x3  
  127  10:35  Roach x3  
  141  10:38  Overlord  
  141  10:39  Overlord  
  141  10:43  Hydralisk x2  
  145  10:52  Hydralisk x4  
  145  10:56  Roach x2  
  155  11:09  Roach x3  
  155  11:10  Roach x3  
  155  11:11  Overseer  
  166  11:12  Drone x2  
  168  11:25  Roach  
  170  11:27  Overlord  
  170  11:31  Infestation Pit  
  170  11:32  Hatchery  
Show
View Real Time Build Order
Export as new Build Order

Yocto Zerg 

Build Orders: Hatch First 

Get SALT Encoding   

  12  0:01  Drone  
  13  0:13  Overlord  
  13  0:19  Drone  
  14  0:32  Drone  
  14  0:33  Drone  
  16  0:36  Drone  
  17  0:54  Hatchery  
  16  0:59  Drone  
  16  1:02  Extractor  
  16  1:03  Drone  
  17  1:18  Spawning Pool  
  17  1:20  Drone  
  17  1:28  Drone  
  17  1:32  Drone  
  19  1:41  Overlord  
  19  1:55  Drone  
  20  2:05  Queen  
  20  2:06  Queen  
  24  2:09  Zergling x4  
  26  2:15  Metabolic Boost  
  26  2:19  Drone  
  27  2:25  Drone  
  27  2:28  Drone  
  29  2:33  Overlord  
  29  2:41  Drone  
  30  2:46  Lair  
  30  2:53  Queen  
  32  3:05  Zergling x8  
  36  3:12  Baneling Nest  
  35  3:15  Drone  
  35  3:16  Drone  
  37  3:24  Drone  
  37  3:25  Extractor, Drone x2  
  39  3:28  Drone  
  40  3:43  Overlord  
  40  3:45  Drone x3  
  40  3:46  Drone  
  44  3:53  Overlord  
  44  3:56  Baneling x2  
  44  3:57  Baneling  
  44  4:17  Spire  
  43  4:29  Evolution Chamber  
  43  4:31  Evolution Chamber  
  41  4:33  Drone x7  
  41  4:34  Evolution Chamber  
  41  4:35  Extractor  
  41  4:37  Extractor  
  45  4:41  Spine Crawler  
  44  4:49  Spine Crawler  
  44  4:50  Drone  
  44  4:51  Drone x2  
  46  5:01  Drone x3  
  49  5:29  Overlord x2  
  49  5:30  Overlord x2  
  49  5:38  Mutalisk  
  50  5:56  Drone x7  
  50  5:57  Drone  
  58  6:05  Mutalisk x2  
  62  6:11  Hatchery  
  61  6:25  Mutalisk x5  
  71  6:46  Overlord x3  
  71  6:51  Extractor  
  70  6:56  Extractor  
  70  6:59  Mutalisk x2  
  70  7:00  Mutalisk x4  
  81  7:13  Mutalisk  
  83  7:21  Zerg Missile Weapons Level 1  
  83  7:26  Drone x4  
  83  7:27  Queen, Drone x4  
  93  7:47  Mutalisk x3  
  99  7:54  Drone x6  
  99  7:55  Drone  
  106  8:11  Mutalisk x3  
  112  8:19  Zerg Flyer Weapons Level 1  
  112  8:32  Overlord  
  112  8:33  Overlord  
  112  8:37  Drone  
  110  8:53  Hatchery  
  110  8:54  Mutalisk  
  110  8:55  Mutalisk x5  
  114  8:59  Zergling x4  
  114  9:00  Zergling x14  
  114  9:02  Overlord  
  129  9:03  Overlord x3  
  129  9:19  Overlord x2  
  116  9:41  Mutalisk x2  
  116  9:42  Mutalisk x4  
  123  9:55  Mutalisk x2  
  126  10:07  Extractor  
  126  10:08  Extractor  
  124  10:15  Zergling x6  
  124  10:20  Hatchery  
  126  10:38  Zergling x10  
  131  10:52  Hatchery  
  131  10:53  Zergling x4  
  121  11:14  Zergling x10  
  126  11:19  Baneling  
  126  11:20  Queen, Baneling x5  
  126  11:24  Zergling x2  
  129  11:41  Zergling x2  
  129  11:42  Zergling x6  
Tags
 
League
Gold
Matchup
ZvZ
Race
Zerg
Replay Pack
Yocto
Spawn Locations
Cross Positions
Add a new tag
Caveats
  • Supply blocks, unpowered buildings, or Contaminate may cause inaccurate times.
  • Supply counts are checked every 10 seconds.